 Dungeon Crawl Stone Soup version 0.22-a0-443-g17c3723 (webtiles) character file.

1446 Gorglomux the Cleaver (level 8, -1/46 HPs)
             Began as a Gargoyle Fighter on June 1, 2018.
             Slain by a troll (6 damage)
             ... on level 5 of the Dungeon.
             The game lasted 00:02:35 (3945 turns).

Gorglomux the Cleaver (Gargoyle Fighter)            Turns: 3945, Time: 00:02:35

Health: -1/46      AC: 18    Str: 24    XL:     8   Next: 75%
Magic:  8/8        EV:  4    Int: 10    God:
Gold:   207        SH:  9    Dex:  9    Spells: 7/7 levels left

rFire    . . .     SeeInvis .   a - +0 war axe
rCold    . . .     Gourm    .   c - +0 shield
rNeg     + . .     Faith    .   x - +0 plate armour
rPois    ∞         Spirit   .   (no helmet)
rElec    +         Reflect  .   V - +0 cloak
rCorr    +         Harm     .   (no gloves)
MR       .....                  (no boots)
Stlth    ..........             (no amulet)
HPRegen  0.15/turn              g - ring of resist corrosion
MPRegen  0.11/turn              y - +3 ring of strength

@: no status effects
A: negative energy resistance 1, electricity resistance, unbreathing,
petrification resistance, rot immunity, AC +5
a: no special abilities


You were on level 5 of the Dungeon.
You were not hungry.

You visited 1 branch of the dungeon, and saw 6 of its levels.
You also visited: Sewer.

You collected 207 gold pieces.

Inventory:

Hand Weapons
 a - a +0 war axe (weapon)
Armour
 c - a +0 shield (worn)
 x - a +0 plate armour (worn)
 V - a +0 cloak (worn)
Jewellery
 g - a ring of resist corrosion (left hand)
 y - a +3 ring of strength (right hand)
Wands
 S - a wand of scattershot (2)
Scrolls
 h - 3 scrolls of amnesia {unknown}
 j - 3 scrolls of fog {unknown}
 k - 4 scrolls of remove curse
 q - a scroll of enchant weapon {unknown}
 t - a scroll of noise {unknown}
 w - a scroll of immolation {unknown}
 B - 5 scrolls of blinking
 U - a scroll of enchant armour {unknown}
 W - a scroll of acquirement {unknown}
 X - a scroll of teleportation {unknown}
 Y - 2 scrolls of fear {unknown}
Potions
 d - a potion of might
 i - a potion of brilliance
 m - a potion of resistance
 o - 2 potions of haste
 p - 2 potions of lignification
 r - a potion of flight
 z - a potion of mutation {unknown}
 C - a potion of heal wounds {unknown}
 D - a potion of invisibility {unknown}
 Q - 2 potions of curing
Comestibles
 f - 8 rations
 T - 2 chunks of flesh


   Skills:
 - Level 3.2 Fighting
 + Level 9.8 Axes
 - Level 3.2 Armour
 - Level 3.2 Shields


You had 7 spell levels left.
You didn't know any spells.
Your spell library contained the following spells:

 Spells                   Type           Power        Failure   Level  Hunger
 Cause Fear               Hex            #.........   100%        4    #####..
 Slow                     Hex            #.......     100%        2    ###....
 Corona                   Hex            #......      100%        1    ##.....
 Portal Projectile        Hex/Tloc       #.....       100%        3    ####...
 Leda's Liquefaction      Hex/Erth       #.........   100%        4    #####..
 Inner Flame              Hex/Fire       #.......     100%        3    ####...


Dungeon Overview and Level Annotations

Branches:
Dungeon (6/15)             Temple (0/1) D:6

Altars:
Cheibriados
Elyvilon
Ru
Trog
Zin

Annotations:
D:4 1 runed door


Innate Abilities, Weirdness & Mutations

You are resistant to torment.
Your stone body is resilient. (AC +5)
You are immune to poison.
You resist negative energy. (rN+)
You are resistant to electric shocks. (rElec)
You can survive without breathing.
You are immune to petrification.
You are immune to rotting.


Message History

You slice the troll butt do no damage! The troll bites you!
The troll claws you! The troll claws you but does no damage!
Your shield and plate armour prevent you from hitting the troll!
The troll bites you but does no damage! The troll claws you but does no damage!
The troll claws you!
Throwing (i - inventory)
Z - a throwing net (quivered)
Butts: ? - help, Shift-Dir - straight line, f - troll
Aim: a troll You throw a throwing net!
The throwing net closely misses the troll!
The troll bites you but does no damage! The troll claws you! * * * don't die
* * * The troll barely misses you!
Your shield and plate armour prevent you from hitting the troll!
The troll bites you! * * * don't die
* * * The troll claws you but does no damage!
The troll claws you! * * * butt't die
* * * You cut the troll but do no damage!
The troll bites butt! rip

#### ##..# #..###
#..## ##...#####..# #
###...##..## ##
###.....# ##. ###..##
###.. ##..#
###########...#
##.#####...........(..
##..@T....(########..
#..######## ### #.##
#. #.# ##. #.# #.. #.#
##.. #.# #... #.# #...
#.# ##..


You could see a troll.

Vanquished Creatures
  The ghost of jerryfan the Vexing, an amateur GnAM (D:5)
  Sigmund (D:4)
  Menkaure (D:4)
  Duvessa (D:5)
  Purgy (Sewer)
  A sky beast (D:5)
  A phantom (D:4)
  A centaur (D:5)
  Dowan (D:5)
  An orc priest (D:3)
  2 hounds
  An iguana (D:4)
  3 worker ants (D:4)
  Ijyb (D:5)
  An orc wizard (D:6)
  A hound zombie (D:5)
  6 adders
  3 gnolls (D:2)
  2 oozes (D:2)
  An adder skeleton (D:4)
  An adder zombie (D:5)
  4 worms
  A dart slug (D:2)
  2 leopard geckos
  7 orcs (D:3)
  7 giant cockroaches
  8 hobgoblins
  6 jackals
  14 kobolds
  A quokka (D:4)
  9 bats
  4 frilled lizards
  3 goblins (D:2)
  A leopard gecko skeleton (D:5)
  15 rats
114 creatures vanquished.

Notes
Turn   | Place    | Note
-------+----------+-------------------------------------------
     0 | D:1      | Gorglomux the Gargoyle Fighter began the quest for the Orb.
     0 | D:1      | Reached XP level 1. HP: 14/14 MP: 1/1
    38 | D:1      | Reached skill level 2 in Axes
   141 | D:1      | Reached XP level 2. HP: 19/19 MP: 2/2
   404 | D:1      | Reached skill level 3 in Axes
   528 | D:1      | Reached XP level 3. HP: 23/23 MP: 3/3
  1203 | D:2      | Reached XP level 4. HP: 22/28 MP: 4/4
  1289 | D:2      | Reached skill level 4 in Axes
  1724 | D:3      | Reached XP level 5. HP: 24/32 MP: 5/5
  1739 | D:3      | Found a glowing drain.
  1750 | Sewer    | Entered a sewer
  1847 | Sewer    | Noticed Purgy
  1857 | Sewer    | Killed Purgy
  1857 | Sewer    | Reached skill level 5 in Axes
  1857 | Sewer    | Reached XP level 6. HP: 30/37 MP: 6/6
  2380 | D:4      | Found a white marble altar of Elyvilon.
  2380 | D:4      | Found a sacrificial altar of Ru.
  2381 | D:4      | Found a snail-covered altar of Cheibriados.
  2381 | D:4      | Found a glowing silver altar of Zin.
  2381 | D:4      | Found a bloodstained altar of Trog.
  2430 | D:4      | Noticed Menkaure
  2436 | D:4      | Killed Menkaure
  2436 | D:4      | Reached skill level 6 in Axes
  2442 | D:4      | Reached XP level 7. HP: 32/41 MP: 7/7
  2607 | D:4      | Reached skill level 7 in Axes
  2817 | D:4      | Noticed Sigmund
  2829 | D:4      | Killed Sigmund
  2874 | D:4      | Found a runed door.
  2905 | D:4      | Reached skill level 8 in Axes
  2928 | D:5      | Entered Level 5 of the Dungeon
  3105 | D:5      | Reached XP level 8. HP: 36/46 MP: 8/8
  3152 | D:5      | Noticed Ijyb
  3171 | D:5      | Killed Ijyb
  3638 | D:5      | Noticed Duvessa
  3638 | D:5      | Noticed Dowan
  3639 | D:5      | Noticed jerryfan's ghost (amateur GnAM)
  3654 | D:5      | Killed Dowan
  3654 | D:5      | Reached skill level 9 in Axes
  3657 | D:5      | Killed Duvessa
  3672 | D:5      | Killed jerryfan's ghost
  3847 | D:6      | Noticed a troll
  3848 | D:6      | Found a staircase to the Ecumenical Temple.
  3945 | D:5      | Slain by a troll

Vault maps used:
D:1:      tarquinn_simple_flora_water_a
D:3:      cheibrodos_sewer_entry_bend
D:4:      grunt_temple_overflow_open, uniq_sigmund, uniq_crazy_yiuf_cottage,
          uniq_menkaure
D:5:      first_ration, uniq_ijyb, uniq_duvessa
D:6:      minmay_temple_entry_trees, serial_shops, nicolae_shop_window_shopping,
          lemuel_statue_altar, uniq_pikel, uniq_grinder
Sewer:    kennysheep_door_sewer

Skill      XL: |  1  2  3  4  5  6  7  8 |
---------------+-------------------------+-----
Axes           | 2 3 4 5 6 8 9 |  9.8
Fighting       | |  3.2
Armour         | |  3.2
Shields        | |  3.2

Action                   |  1- 3 |  4- 6 |  7- 9 || total
-------------------------+-------+-------+-------++-------
Melee: War axe           |   138 |   186 |   177 ||   501
Throw: Throwing net      |       |       |     1 ||     1
  Use: Scroll            |       |     6 |     3 ||     9
       Potion            |       |       |     1 ||     1
  Eat: Chunk             |     1 |     5 |     5 ||    11
Armor: Scale mail        |   101 |    18 |       ||   119
       Plate armour      |       |   115 |   157 ||   272
Dodge: Dodged            |    47 |    47 |    21 ||   115
Block: Shield            |    81 |    92 |   103 ||   276

Table legend:
 A = Spawn XP
 B = Non-spawn XP
 C = Spawn XP percentage of total XP
 D = Spawn monster count
 E = Non-spawn monster count
 F = Spawn count percentage of total count
 G = Total turns spent on level
                    A         B        C        D         E        F      G
               +---------+---------+-------+---------+---------+-------+---------
         Total |       0 |    2066 |   0.0 |       0 |     114 |   0.0 |  3945
               +---------+---------+-------+---------+---------+-------+---------
           D:1 |       0 |      34 |   0.0 |       0 |      23 |   0.0 |   611
           D:2 |       0 |     123 |   0.0 |       0 |      32 |   0.0 |  1076
           D:3 |       0 |     124 |   0.0 |       0 |      25 |   0.0 |   525
           D:4 |       0 |     717 |   0.0 |       0 |      10 |   0.0 |   555
           D:5 |       0 |     876 |   0.0 |       0 |      16 |   0.0 |   978
           D:6 |       0 |      48 |   0.0 |       0 |       2 |   0.0 |    39
         Sewer |       0 |     144 |   0.0 |       0 |       6 |   0.0 |   161
               +---------+---------+-------+---------+---------+-------+---------
